 Dungeon Crawl Stone Soup version 0.18-a0-1778-gadce9fa (webtiles) character file.

9 4thArraOfDagon the Grasshopper (level 2, 0/22 HPs)
             Began as a Mummy Warper on Apr 16, 2016.
             Slain by an orc
             ... wielding a +0 war axe
              (5 damage)
             ... on level 3 of the Dungeon.
             The game lasted 00:01:48 (452 turns).

4thArraOfDagon the Grasshopper (Mummy Warper)        Turns: 452, Time: 00:01:50

Health: 0/22       AC:  3    Str: 14    XL:     2   Next: 3%
Magic:  5/5        EV: 11    Int: 12    God:
Gold:   24         SH:  0    Dex: 11    Spells: 1 memorised, 4 levels left

rFire  x . .     SeeInvis .     a - +0 falchion
rCold  + . .     Gourm    .     b - +0 leather armour
rNeg   + + +     Faith    .     (no shield)
rPois  ∞         Spirit   .     (no helmet)
rElec  .         Dismiss  .     (no cloak)
rCorr  +         Reflect  .     (no gloves)
SustAt .         Harm     .     (no boots)
MR     .....                    (no amulet)
Stlth  +.........               (no ring)
                                f - ring of resist corrosion

@: not resistant to hostile enchantments, very unstealthy
A: no food or potions, fire vulnerability, cold resistance 1, negative energy
resistance 3, torment resistance, unbreathing
a: no special abilities


You were on level 3 of the Dungeon.
You were not hungry.

You visited 1 branch of the dungeon, and saw 3 of its levels.

You collected 24 gold pieces.

Inventory:

Hand Weapons
 a - a +0 falchion (weapon)
Missiles
 e - 4 tomahawks of dispersal (quivered)
Armour
 b - a +0 leather armour (worn)
 i - a +0 pair of boots
Jewellery
 f - a ring of resist corrosion (left hand)
Scrolls
 d - 2 scrolls of blinking
 g - a scroll of identify
 h - a scroll of amnesia
Books
 c - a book of Spatial Translocations

   Spells                             Type                      Level
   a - Apportation                    Translocation                1
   b - Blink                          Translocation                2
   c - Shroud of Golubria             Charms/Translocation         2
   d - Portal Projectile              Translocation                3
   e - Teleport Other                 Translocation                3
   f - Passage of Golubria            Translocation                4


   Skills:
 - Level 2.0 Fighting
 * Level 2.2 Long Blades
 - Level 0.7 Throwing
 - Level 0.7 Armour
 - Level 1.5 Dodging
 - Level 2.0 Spellcasting
 - Level 2.4 Translocations


You had 4 spell levels left.
You knew the following spells:

 Your Spells              Type           Power        Failure   Level  Hunger
a - Apportation           Tloc           #.........   17%         1    N/A

Dungeon Overview and Level Annotations

Branches:
Dungeon (3/15)

Altars:
Elyvilon
Nemelex Xobeh
Yredelemnul


Innate Abilities, Weirdness & Mutations

You do not eat or drink.
Your flesh is vulnerable to fire.
You are immune to poison.
Your flesh is cold resistant.
You are immune to negative energy.
You are immune to unholy pain and torment.
You can survive without breathing.


Message History

You kill the bat!
No target in view!
No target in view!
g - a scroll of identify
Things that are here:
a flail; an orc corpse
Found 7 tomahawks.
An orc comes into view. It is wielding a war axe.
The orc shouts!
You hear a shout! x4
Unknown command.
An orc comes into view. It is wielding a short sword.
You barely miss the orc. The orc hits you with a war axe.
You completely miss the orc. The orc hits you with a war axe.
* * * LOW HITPOINT WARNING * * *
You are too injured to fight recklessly!
You are too injured to fight recklessly!
You are too injured to fight recklessly!
You are too injured to fight recklessly!
You barely miss the orc. The orc hits you with a war axe.
You die...

##.##.#
.....#####
######.......#
#.†.#.....##
#.).#......#
#..##..o...#
#...).#..#.#
#.#####..###
#.#.@oo....#
#.#.###..#.#
#.#<..#..#.#
#.#.#.#..# #
#.#.#.#..# #
#.#(..#.>#
#.#.#..##..#
#...#......#
#....#...#


You could see 2 orcs.

Vanquished Creatures
  An orc (D:3)
  A giant cockroach (D:2)
  A goblin (D:2)
  A hobgoblin (D:1)
  2 kobolds
  A bat (D:3)
7 creatures vanquished.

Notes
Turn   | Place    | Note
--------------------------------------------------------------
     0 | D:1      | 4thArraOfDagon the Mummy Warper began the quest for the Orb.
     0 | D:1      | Reached XP level 1. HP: 16/16 MP: 3/3
   267 | D:1      | You fall through a shaft!
   391 | D:2      | Found a white marble altar of Elyvilon.
   391 | D:2      | Found a sparkling altar of Nemelex Xobeh.
   394 | D:2      | Found a basalt altar of Yredelemnul.
   417 | D:3      | Reached XP level 2. HP: 15/22 MP: 5/5
   452 | D:3      | Slain by an orc

Vault maps used:
D:1:      dpeg_cavernosity, hangedman_decor_growths, corexii_leaking_fountain,
          minmay_three_crescents
D:2:      nicolae_overflow_hidden_temple
D:3:      first_bread

Skill      XL: |  1 |
---------------+----+-----
Long Blades    | 2 |  2.2
Fighting       | |  2.0
Throwing       | |  0.7
Armour         | |  0.7
Dodging        | |  1.5
Spellcasting   | |  2.0
Translocations | |  2.4

Action                   || total
-------------------------++-------
Melee: Falchion          ||    30
       Whip              ||     8
Throw: Tomahawk          ||     1
  Use: Scroll            ||     4
Armor: Leather armour    ||    17
Dodge: Dodged            ||    21
